 Dungeon Crawl Stone Soup version 0.31-a0-430-gf8416d752b (webtiles) character file.

Game seed: 136509507098168519

14 Ethylacetat the Changeling (level 2, -1/18 HPs)
             Began as an Octopode Shapeshifter on July 31, 2023.
             Slain by a kobold
             ... wielding a +2 short sword of electrocution
              (5 damage)
             ... on level 1 of the Dungeon.
             The game lasted 00:00:41 (276 turns).

Ethylacetat the Changeling (Octopode Shapeshifter)   Turns: 276, Time: 00:00:42

Health: -1/18      AC:  1    Str: 14    XL:     2   Next: 41%
Magic:  2/2        EV: 13    Int: 10    God:
Gold:   8          SH:  0    Dex: 12    Spells: 1/1 levels left

rFire   . . .        g - +1 dagger (freeze)
rCold   . . .        (no shield)
rNeg    . . .        (helmet currently unavailable)
rPois   .            (no amulet)
rElec   .            (no ring)
rCorr   .            (no ring)
SInv    .            (no ring)
Will    .....        (no ring)
Stlth   ++           (no ring)
HPRegen 0.23/turn    (no ring)
MPRegen 0.08/turn    (no ring)
                     (no ring)

%: no passive effects
@: beast-form
A: beast (slay +2), almost no armour, amphibious, 8 rings, camouflage 1,
gelatinous body 1, (nimble swimmer 1), tentacles
a: Begin Untransformation


You were on level 1 of the Dungeon.
You were a hulking beast.
You visited 1 branch of the dungeon, and saw 1 of its levels.

You collected 8 gold pieces.

Inventory:

Hand Weapons
 g - a +1 dagger of freezing (weapon)
Talismans
 b - a beast talisman (active)
Scrolls
 d - a scroll of vulnerability {unknown}
Potions
 a - a potion of lignification
 c - a potion of resistance {unknown}
 e - a potion of curing {unknown}
 f - a potion of might {unknown}


   Skills:
 + Level 1.4 Fighting
 - Level 2.0 Dodging
 + Level 3.1 Unarmed Combat
 * Level 3.2 Shapeshifting


You had one spell level left.
You didn't know any spells.
Your spell library was empty.

Dungeon Overview and Level Annotations

Branches:
Dungeon (1/15)

Altars:


Innate Abilities, Weirdness & Mutations

You are a hulking beast.
Your limbs bulge with bestial killing power. (Slay +2)
You cannot wear most types of armour.
You are amphibious.
You can wear up to eight rings at the same time.
Your skin changes colour to match your surroundings (Stealth+).
Your rubbery body absorbs attacks. (AC +1, EV +1)
((You are camouflaged when in or above water. (Stealth+)))
You have tentacles for arms and can constrict up to eight enemies at once.


Message History

Your +1 dagger of freezing glows with a cold blue light!
g - a +1 dagger of freezing (weapon)
A kobold comes into view. It is wielding a +0 whip.
You are too injured to fight recklessly!
You are too injured to fight recklessly!
You are too injured to fight recklessly!
You are too injured to fight recklessly!
The kobold hits you with a +0 dagger.
You barely miss the kobold.
The kobold shouts!
Your grab misses the kobold. The kobold hits you with a +0 dagger.
You hit the kobold. You freeze the kobold. You grab the kobold.
You squeeze the kobold.
You kill the kobold!
A bat comes into view.
You hit the goblin. You freeze the goblin. Your grab misses the goblin.
The goblin is severely wounded.
The goblin hits you with a +0 dagger.
* * * LOW HITPOINT WARNING * * *
A kobold comes into view.
It is wielding a +2 short sword of electrocution.
You barely miss the kobold. You grab the kobold. You constrict the kobold.
The goblin hits you with a +0 dagger.
* * * LOW HITPOINT WARNING * * *
The kobold closely misses you.
You hit the kobold but do no damage.
You squeeze the kobold, but do no damage.
The kobold is moderately wounded.
You constrict the kobold.
You kill the kobold!
The goblin misses you.
You puncture the goblin! You freeze the goblin.
You kill the goblin!
Things that are here:
a +0 whip; 4 stones A hobgoblin comes into view.
The hobgoblin shouts!
You hit the kobold but do no damage. You grab the kobold.
You constrict the kobold.
The kobold hits you with a +2 short sword of electrocution.
You die...

#
##..#.......#
..
............#
..
...###......#
. .. #......#
. #......#
#......#
#††....#
#......#
#.).h..#
#...)K......
#...........
#...........
####........
#........
#.......g
#........


You could see a hobgoblin and a kobold.

Vanquished Creatures
  2 bats (D:1)
  An endoplasm (D:1)
  3 goblins (D:1)
  A hobgoblin (D:1)
  A frilled lizard (D:1)
  4 kobolds (D:1)
  A rat (D:1)
13 creatures vanquished.

Notes
Turn   | Place    | Note
-------+----------+-------------------------------------------
     0 | D:1      | Ethylacetat the Octopode Shapeshifter began the quest for
                  | the Orb.
     0 | D:1      | Reached XP level 1. HP: 13/13 MP: 1/1
   226 | D:1      | Reached XP level 2. HP: 18/18 MP: 2/2
   276 | D:1      | Slain by a kobold

Illustrated notes

Levels and vault maps discovered:
D:1:      mrwooster_arrival_statue_3, layout_basic, basic_ecumenical_altar,
          grunt_decor_mini_mirrors

Action                     || total
---------------------------++-------
  Melee: Unarmed           ||    20
         Constrict         ||     5
         Tentacles         ||     4
         Dagger            ||     7
   Stab: Sleeping          ||     1
 Armour: Skin              ||     2
  Dodge: Dodged            ||    14

Table legend: (Time is in decaauts)
 A = Elapsed time spent in this place.
 B = Non-inter-level travel time spent in this place.
 C = Inter-level travel time spent in this place.
 D = Time resting spent in this place.
 E = Time spent auto-exploring this place.
 F = Levels seen in this place.
 G = Mean time per level.
                   A        B        C        D        E       F      G
               +--------+--------+--------+--------+--------+-----+--------+
         Total |    274 |    274 |      0 |      0 |    211 |   1 |  274.0 |
       Dungeon |    274 |    274 |      0 |      0 |    211 |   1 |  274.0 |
               +--------+--------+--------+--------+--------+-----+--------+

Top non-repeatable levels by time:
     D:1: 274 daAuts
